[Event "December 19 Late 2023"]
[Site "https://www.chess.com"]
[Date "2023.12.19"]
[Round "8"]
[White "Gao, Raymond"]
[Black "Mazurkiewicz, Michal"]
[Result "1-0"]
[Board "95"]
[TimeControl "180+1"]
[WhiteFideId "2629429"]
[BlackFideId "1124943"]
[WhiteElo "1953"]
[BlackElo "2103"]
[WhiteTeam "CAN"]
[BlackTeam "POL"]
[WhiteClock "0:00:02"]
[BlackClock "0:00:08"]

1. e4 d6 2. d4 Nf6 3. Nc3 c6 4. Bc4 b5 5. Bd3 e5 6. d5 b4 7. Nce2 cxd5 8. exd5 Bb7 9. Bc4 Nbd7 10. Bg5 Nb6 11. Bb5+ Nbd7 12. Nf3 Be7 13. Bxf6 gxf6 14. Ng3 Rg8 15. Qd3 Rg6 16. h4 Qb6 17. h5 Rg8 18. Qxh7 O-O-O 19. Bxd7+ Kxd7 20. Qxf7 Rde8 21. h6 Qc5 22. Ne4 Qxc2 23. O-O Qxe4 24. Qe6+ Kd8 25. Qh3 Bxd5 26. Rac1 Qxf3 27. Rc8# 1-0

[Event "December 19 Late 2023"]
[Site "https://www.chess.com"]
[Date "2023.12.19"]
[Round "8"]
[White "Kovacsy, Barnabas"]
[Black "Slavin, Alexey"]
[Result "0-1"]
[Board "96"]
[TimeControl "180+1"]
[WhiteFideId "769290"]
[BlackFideId "24104388"]
[WhiteElo "2130"]
[BlackElo "2264"]
[WhiteTeam "HUN"]
[BlackTeam "RUS"]
[WhiteClock "0:00:00"]
[BlackClock "0:00:11"]

1. e4 Nc6 2. Nf3 d6 3. d4 Nf6 4. Nc3 Bg4 5. Be2 e5 6. d5 Ne7 7. Bg5 Ng6 8. Bb5+ Bd7 9. Bxd7+ Qxd7 10. Bxf6 gxf6 11. g3 f5 12. Qd3 fxe4 13. Nxe4 Bg7 14. O-O-O h6 15. h4 f5 16. Nc3 O-O-O 17. Qc4 a6 18. Rhe1 Kb8 19. h5 Ne7 20. Nh4 Bf6 21. Ng2 Rhg8 22. Ne2 Rg4 23. Qb3 Qe8 24. f4 e4 25. Nd4 Qxh5 26. Ne6 Rc8 27. Re3 Qg6 28. a4 Bh8 29. a5 Qf6 30. Rd4 c5 31. dxc6 Nxc6 32. Rxd6 Qe7 33. Rd1 Rg6 34. Nh4 Rxe6 35. Nxf5 Qe8 36. Nd6 Rxd6 37. Rxd6 Nxa5 38. Qb6 Nc6 39. c3 Qe7 40. Rd5 Qc7 41. Qxc7+ Kxc7 42. Rxe4 a5 43. Rh5 Bg7 44. Re6 Rf8 45. Rg6 Rf7 46. f5 Ne5 0-1

[Event "December 19 Late 2023"]
[Site "https://www.chess.com"]
[Date "2023.12.19"]
[Round "8"]
[White "Shapiro, Daniel"]
[Black "Sivakumar, Shaashwath"]
[Result "0-1"]
[Board "97"]
[TimeControl "180+1"]
[WhiteFideId "2001780"]
[BlackFideId "30912156"]
[WhiteElo "2308"]
[BlackElo "2137"]
[WhiteTeam "USA"]
[BlackTeam "USA"]
[WhiteClock "0:00:00"]
[BlackClock "0:01:02"]

1. d4 d5 2. c4 c6 3. Nf3 Nf6 4. Qb3 a6 5. a4 a5 6. Nc3 dxc4 7. Qxc4 Bf5 8. e3 e6 9. Bd3 Bxd3 10. Qxd3 Nbd7 11. e4 Bb4 12. Qe2 Qe7 13. Bf4 O-O 14. h3 Nh5 15. Bh2 Nhf6 16. O-O Rfd8 17. Rfd1 Nf8 18. Rac1 Ng6 19. Ne5 Nxe5 20. Bxe5 Nd7 21. Bc7 Rdc8 22. Bg3 e5 23. d5 Nc5 24. d6 Qe6 25. Qe3 Nb3 26. Rc2 Nd4 27. Rcd2 Bxd6 28. f4 Bc5 29. Bf2 Nb3 30. Qf3 Nxd2 31. Rxd2 Bxf2+ 32. Qxf2 exf4 33. Qxf4 Rd8 34. Rf2 f6 35. g4 Rd4 36. Qc7 Qd7 37. Qf4 Qd6 38. Qf3 Rd3 39. Qf5 Rd8 40. g5 Qg3+ 41. Rg2 Rd1+ 0-1

[Event "December 19 Late 2023"]
[Site "https://www.chess.com"]
[Date "2023.12.19"]
[Round "8"]
[White "Sroczynski, Maciej"]
[Black "Romero Ruscalleda, Josep"]
[Result "0-1"]
[Board "98"]
[TimeControl "180+1"]
[WhiteFideId "1121472"]
[BlackFideId "2231859"]
[WhiteElo "2266"]
[BlackElo "2200"]
[WhiteTeam "POL"]
[BlackTeam "ESP"]
[WhiteClock "0:01:25"]
[BlackClock "0:01:20"]

1. Nf3 g6 2. g3 Bg7 3. Bg2 d6 4. e4 c5 5. O-O Nc6 6. c3 e5 7. a3 Nge7 8. b4 b6 9. Re1 O-O 10. Bb2 f5 11. exf5 Bxf5 12. b5 Na5 13. Nh4 Bd7 14. Bxa8 Qxa8 15. a4 Bh3 16. f4 exf4 17. Rxe7 fxg3 18. hxg3 Rf1+ 19. Qxf1 Bxf1 20. Kxf1 Qf8+ 21. Kg2 Qxe7 22. Kf2 Nb3 23. Ra2 Qf7+ 24. Nf3 Nxd2 25. Nxd2 Qxa2 26. Bc1 Qxa4 27. c4 Qc2 28. Ba3 Bc3 29. Ke2 Kf7 0-1

[Event "December 19 Late 2023"]
[Site "https://www.chess.com"]
[Date "2023.12.19"]
[Round "8"]
[White "Silvestre, Christian"]
[Black "Lopusiewicz, Piotr"]
[Result "1/2-1/2"]
[Board "99"]
[TimeControl "180+1"]
[WhiteFideId "30956269"]
[BlackFideId "1116029"]
[WhiteElo "2272"]
[BlackElo "2286"]
[WhiteTeam "USA"]
[BlackTeam "POL"]
[WhiteClock "0:02:18"]
[BlackClock "0:01:25"]

1. e4 c5 2. Nc3 e6 3. f4 d5 4. Nf3 Nf6 5. e5 d4 6. exf6 dxc3 7. fxg7 cxd2+ 8. Qxd2 Qxd2+ 9. Bxd2 Bxg7 10. O-O-O Nc6 11. Bb5 Bd7 12. Bc3 Bxc3 13. bxc3 a6 14. Bxc6 Bxc6 15. Ne5 Bxg2 16. Rhg1 Be4 17. Rd7 f6 18. Rgg7 fxe5 19. Rge7+ Kf8 20. Rf7+ Ke8 21. Rfe7+ Kf8 22. Rf7+ Ke8 23. Rfe7+ Kf8 1/2-1/2

[Event "December 19 Late 2023"]
[Site "https://www.chess.com"]
[Date "2023.12.19"]
[Round "8"]
[White "Kovacevic, Radmila"]
[Black "Figorito, Nick"]
[Result "1-0"]
[Board "100"]
[TimeControl "180+1"]
[WhiteFideId "933171"]
[BlackFideId "30923689"]
[WhiteElo "2052"]
[BlackElo "2416"]
[WhiteTeam "SRB"]
[BlackTeam "USA"]
[WhiteClock "0:00:19"]
[BlackClock "0:00:01"]

1. e4 e6 2. d3 d5 3. Qe2 Nc6 4. Nf3 Nf6 5. e5 Nd7 6. g3 f6 7. d4 fxe5 8. dxe5 Bc5 9. Bh3 Qe7 10. Bg5 Qf7 11. Bf4 Nd4 12. Nxd4 Bxd4 13. c3 Bb6 14. Nd2 O-O 15. O-O-O a5 16. Nf3 h6 17. Nd4 Nc5 18. Qg4 a4 19. Rhf1 Kh7 20. b4 axb3 21. axb3 Qg6 22. Qxg6+ Kxg6 23. b4 Ne4 24. Kb2 Bxd4 25. cxd4 Bd7 26. f3 Ng5 27. Bxg5 hxg5 28. Ra1 Bb5 29. Rf2 Bc4 30. Bxe6 Rxa1 31. Kxa1 Ra8+ 32. Kb1 Ra4 33. Rb2 c6 34. f4 gxf4 35. gxf4 Ra8 36. Kc1 Ra1+ 37. Rb1 Ra2 38. Rb2 Ra1+ 39. Kd2 Rf1 40. Ke3 Re1+ 41. Kf3 Rf1+ 42. Kg3 Rg1+ 43. Rg2 Rb1 44. Kh4+ Kh6 45. Bf5 Rf1 46. Rg6+ Kh7 47. Rxc6+ Kg8 48. Rc8+ Kf7 49. e6+ Kf6 50. Rf8+ Ke7 51. Rf7+ Ke8 52. Bh3 g6 53. Bxf1 1-0

[Event "December 19 Late 2023"]
[Site "https://www.chess.com"]
[Date "2023.12.19"]
[Round "8"]
[White "Blanco Diez, David"]
[Black "Travadon, Loic"]
[Result "1-0"]
[Board "101"]
[TimeControl "180+1"]
[WhiteFideId "32032927"]
[BlackFideId "26092131"]
[WhiteElo "2170"]
[BlackElo "2406"]
[WhiteTeam "ESP"]
[BlackTeam "FRA"]
[WhiteClock "0:00:06"]
[BlackClock "0:00:38"]

1. Nf3 e6 2. b3 b6 3. Bb2 Bb7 4. c4 Nf6 5. g3 g6 6. Bg2 Bg7 7. O-O O-O 8. d4 d5 9. e3 Nbd7 10. Nc3 c6 11. Qe2 Rc8 12. Rad1 Qc7 13. Rfe1 Qb8 14. Rc1 Qa8 15. Red1 Rfe8 16. cxd5 exd5 17. Rc2 a5 18. Rdc1 Ba6 19. Qd2 Ne4 20. Nxe4 dxe4 21. Ne1 f5 22. Bf1 Bxf1 23. Kxf1 c5 24. Ng2 cxd4 25. Bxd4 Rxc2 26. Rxc2 Rc8 27. Bxg7 Rxc2 28. Qxc2 Kxg7 29. Qc3+ Kf7 30. Qc4+ Ke7 31. Nf4 Nc5 32. Qd4 Qc6 33. Qg7+ Kd8 34. Qxh7 Nd3 35. Qg8+ Kd7 36. Nxd3 exd3 37. Qf7+ Kd8 38. Qf8+ Kd7 39. Qf7+ Kc8 40. Qc4 Kc7 41. Ke1 Qxc4 42. bxc4 Kc6 43. Kd2 Kc5 44. Kxd3 Kb4 45. f3 Ka3 46. e4 Kxa2 47. e5 a4 48. e6 Kb1 49. e7 a3 50. e8=Q a2 51. Qe1+ Kb2 52. Qd2+ Kb1 53. Qc2+ Ka1 54. Kc3 1-0

[Event "December 19 Late 2023"]
[Site "https://www.chess.com"]
[Date "2023.12.19"]
[Round "8"]
[White "Buchenau, Frank"]
[Black "Vanek, Tomas"]
[Result "1-0"]
[Board "102"]
[TimeControl "180+1"]
[WhiteFideId "4604350"]
[BlackFideId "313459"]
[WhiteElo "2157"]
[BlackElo "2052"]
[WhiteTeam "GER"]
[BlackTeam "CZE"]
[WhiteClock "0:00:06"]
[BlackClock "0:00:51"]

1. e4 c5 2. Nf3 Nc6 3. Bb5 Nf6 4. Bxc6 bxc6 5. e5 Nd5 6. O-O g6 7. c4 Nf4 8. d4 Ne6 9. d5 Nc7 10. d6 Ne6 11. Nc3 exd6 12. exd6 Bg7 13. Be3 O-O 14. Qd2 f5 15. Bh6 Bxh6 16. Qxh6 Qf6 17. Rfe1 Ba6 18. Ne5 Rad8 19. f4 Nd4 20. Re3 Qxd6 21. Rh3 Qe7 22. Nxg6 Qg7 23. Qxg7+ Kxg7 24. Nxf8 Rxf8 25. b3 d5 26. Re1 dxc4 27. Re7+ Kf6 28. Rxa7 cxb3 29. Rxa6 b2 30. Rb6 Nb5 31. a4 Nxc3 32. Rxc3 Re8 33. Rxb2 Re1+ 34. Kf2 Re4 35. Ra2 Rxf4+ 36. Rf3 Kg5 37. Rxf4 Kxf4 38. a5 c4 39. a6 Ke4 40. a7 c3 41. a8=Q c2 42. Qxc6+ Kd3 43. Qxc2+ Kd4 44. Ra4+ Ke5 45. Qc3+ Ke6 46. Ra6+ Kf7 47. Qc7+ 1-0

[Event "December 19 Late 2023"]
[Site "https://www.chess.com"]
[Date "2023.12.19"]
[Round "8"]
[White "UnTucopalaTimba"]
[Black "Seletsky, Grigory"]
[Result "1-0"]
[Board "104"]
[TimeControl "180+1"]
[BlackFideId "14112191"]
[WhiteElo "2203"]
[BlackElo "2482"]
[BlackTeam "UKR"]
[WhiteClock "0:00:06"]
[BlackClock "0:00:04"]

1. e4 e6 2. d4 d5 3. e5 c5 4. c3 Nc6 5. Nf3 Bd7 6. Be2 Nge7 7. Bd3 cxd4 8. cxd4 Nf5 9. Bxf5 exf5 10. O-O Be7 11. Qb3 Be6 12. Qxb7 Rc8 13. Nc3 O-O 14. a3 h6 15. Qa6 g5 16. h3 f4 17. Qd3 Qd7 18. Kh2 Bf5 19. Qd1 Kg7 20. Ng1 Nd8 21. g4 Bg6 22. Qf3 Ne6 23. Nge2 Rfd8 24. Rd1 Rc4 25. b3 Rcc8 26. Bb2 Bc2 27. Rd2 Bxb3 28. h4 gxh4 29. Nxf4 Nxf4 30. Qxf4 Bg5 31. Qf3 Bxd2 32. Qf6+ Kg8 33. Ne2 Qe6 34. Qf3 Rc2 35. Qxb3 Qxg4 36. Rg1 Qxg1+ 37. Kxg1 Rc6 38. Kg2 Kh7 39. Qd3+ Rg6+ 40. Kh3 Be1 41. Nf4 Rb8 42. Nxg6 fxg6 43. Bc1 Rf8 44. f3 Bg3 45. Bd2 Kg7 46. Kg2 g5 47. Bb4 h5 48. Qa6 Rf7 49. e6 Rc7 50. Qd3 Bf4 51. Qf5 a5 52. Bxa5 Rb7 53. Bb4 Rc7 54. e7 h3+ 55. Kxh3 g4+ 56. fxg4 hxg4+ 57. Kxg4 Bh6 58. e8=N+ 1-0

[Event "December 19 Late 2023"]
[Site "https://www.chess.com"]
[Date "2023.12.19"]
[Round "8"]
[White "Khodabandeh, Milad"]
[Black "Argandona Riveiro, Inigo"]
[Result "0-1"]
[Board "105"]
[TimeControl "180+1"]
[WhiteFideId "12538620"]
[BlackFideId "2212072"]
[WhiteElo "1846"]
[BlackElo "2391"]
[WhiteTeam "IRI"]
[BlackTeam "ESP"]
[WhiteClock "0:00:00"]
[BlackClock "0:01:00"]

1. e4 d6 2. d4 Nf6 3. Nc3 e5 4. Nf3 exd4 5. Nxd4 Be7 6. Bd3 O-O 7. O-O Nbd7 8. Nf5 Nc5 9. Qf3 Bxf5 10. exf5 c6 11. g4 d5 12. h4 Nfe4 13. Bxe4 dxe4 14. Nxe4 Nxe4 15. Qxe4 Bxh4 16. Be3 Re8 17. Qf4 h6 18. Rfd1 Qe7 19. Qd6 Qe4 20. Qd4 Qf3 21. Qf4 Bxf2+ 22. Kf1 Rxe3 23. Qxf3 Rxf3 24. Kg2 Rf4 25. Rf1 Be3 26. Rae1 Rxf1 27. Kxf1 Bc5 28. Rd1 Re8 29. Rd7 Re7 30. Rd8+ Kh7 31. c3 a5 32. b3 Bb6 33. Rb8 Rd7 34. Ke2 g6 35. fxg6+ fxg6 36. b4 axb4 37. cxb4 h5 38. gxh5 gxh5 39. a4 h4 40. a5 h3 41. Kf3 Rg7 42. axb6 h2 0-1

[Event "December 19 Late 2023"]
[Site "https://www.chess.com"]
[Date "2023.12.19"]
[Round "8"]
[White "Nunez V, Gustavo Eduardo"]
[Black "Antonio, Jorge Carlos"]
[Result "1-0"]
[Board "106"]
[TimeControl "180+1"]
[WhiteFideId "4403690"]
[BlackFideId "113190"]
[WhiteElo "2167"]
[BlackElo "2247"]
[WhiteTeam "COL"]
[BlackTeam "ARG"]
[WhiteClock "0:01:40"]
[BlackClock "0:01:41"]

1. e4 c5 2. Nf3 e6 3. d4 cxd4 4. Nxd4 a6 5. c4 Qc7 6. Nc3 Nc6 7. Be3 Nf6 8. f3 Be7 9. Be2 O-O 10. O-O d5 11. cxd5 exd5 12. Nxd5 Nxd5 13. exd5 Nb4 14. Qb3 Qd8 15. Rad1 Nxd5 16. Bf2 Be6 17. Nxe6 fxe6 18. Qxb7 Rb8 19. Qxa6 Rxb2 20. Qxe6+ Kh8 21. Rxd5 Rxe2 22. Qxe2 Qxd5 23. Qxe7 Ra8 24. Re1 h6 25. a3 Qb3 26. Bd4 Rg8 27. Qe3 Qc4 28. Qxh6# 1-0

[Event "December 19 Late 2023"]
[Site "https://www.chess.com"]
[Date "2023.12.19"]
[Round "8"]
[White "Dwilewicz, Katarzyna"]
[Black "Mohammad, Fahim"]
[Result "1-0"]
[Board "107"]
[TimeControl "180+1"]
[WhiteFideId "1148486"]
[BlackFideId "10206248"]
[WhiteElo "2098"]
[BlackElo "2177"]
[WhiteTeam "POL"]
[BlackTeam "FRA"]
[WhiteClock "0:00:15"]
[BlackClock "0:00:00"]

1. e4 c5 2. c3 g6 3. d4 cxd4 4. cxd4 d5 5. e5 Bg7 6. Nc3 Nc6 7. h3 Nh6 8. Nf3 O-O 9. Bb5 f6 10. exf6 Rxf6 11. O-O Rxf3 12. Qxf3 Nxd4 13. Qd3 Bf5 14. Qd1 Nxb5 15. Nxb5 e5 16. Re1 Nf7 17. Nc3 Be6 18. Qa4 Qf6 19. Bd2 a6 20. Qb4 b5 21. a4 bxa4 22. Rxa4 h6 23. Qb6 e4 24. Rxa6 Rxa6 25. Qxa6 Ne5 26. Qa8+ Kh7 27. Nxd5 Qh4 28. Nf4 Bf5 29. b4 g5 30. Rxe4 gxf4 31. Rxf4 Qh5 32. Qd5 Bg6 33. b5 Nd3 34. Qxh5 Bxh5 35. Rf5 Bg6 36. Rd5 1-0

[Event "December 19 Late 2023"]
[Site "https://www.chess.com"]
[Date "2023.12.19"]
[Round "8"]
[White "Sokolov, Andrei"]
[Black "ajian"]
[Result "1/2-1/2"]
[Board "108"]
[TimeControl "180+1"]
[WhiteFideId "11600306"]
[WhiteElo "2473"]
[BlackElo "2399"]
[WhiteTeam "LAT"]
[WhiteClock "0:00:07"]
[BlackClock "0:00:02"]

1. d4 d5 2. c4 dxc4 3. Nf3 Nf6 4. e3 e6 5. Bxc4 c5 6. O-O a6 7. Bb3 b5 8. a4 Bb7 9. axb5 axb5 10. Rxa8 Bxa8 11. Na3 Qb6 12. dxc5 Bxc5 13. Qe2 Bxa3 14. bxa3 O-O 15. Bb2 Nbd7 16. Nd4 Rb8 17. Rc1 Nc5 18. Ba2 Bd5 19. Bxd5 Nxd5 20. Qc2 Na4 21. Qc8+ Qd8 22. Qxd8+ Rxd8 23. Ba1 h6 24. Nxb5 Rb8 25. Nd4 Ra8 26. h3 Kh7 27. Rc4 Nab6 28. Rc6 Rxa3 29. Bb2 Ra2 30. Bc3 e5 31. Nb5 Rc2 32. e4 Nxc3 33. Nxc3 Na4 34. Nxa4 Rxc6 35. Nb2 Rc1+ 36. Kh2 Rc2 37. Nd3 f6 38. f3 Kg6 39. Kg3 Rc3 40. Nb4 Rb3 41. Nd5 Kf7 42. Nc7 g5 43. Nd5 h5 44. h4 Rb2 45. hxg5 fxg5 46. Ne3 Kg6 47. Nc4 h4+ 48. Kh3 Ra2 49. Nxe5+ Kh5 50. Ng4 Ra1 51. Kh2 Kg6 52. Ne5+ Kh5 53. Ng4 Kg6 54. Ne5+ Kh5 55. Ng4 1/2-1/2

[Event "December 19 Late 2023"]
[Site "https://www.chess.com"]
[Date "2023.12.19"]
[Round "8"]
[White "Carrasco Miranda, Andres"]
[Black "Gumugama"]
[Result "1-0"]
[Board "109"]
[TimeControl "180+1"]
[WhiteFideId "3405990"]
[WhiteElo "2183"]
[BlackElo "2212"]
[WhiteTeam "CHI"]
[WhiteClock "0:00:26"]
[BlackClock "0:00:49"]

1. d4 Nf6 2. c4 c5 3. d5 b5 4. cxb5 a6 5. bxa6 Bxa6 6. Nc3 g6 7. e4 Bxf1 8. Kxf1 d6 9. g3 Bg7 10. Nf3 O-O 11. Kg2 Nbd7 12. a4 Qa5 13. Re1 Ng4 14. h3 Nge5 15. Nxe5 Nxe5 16. Qc2 Rfb8 17. Bg5 Kf8 18. Nb5 c4 19. Bd2 Qb6 20. Bc3 Nd3 21. Bxg7+ Kxg7 22. Qc3+ f6 23. Re3 Qc5 24. b3 Rxb5 25. axb5 Rxa1 26. Qxa1 Qxb5 27. bxc4 Qxc4 28. Qf1 Ne5 29. Qxc4 Nxc4 30. Rc3 Nd2 31. f3 h5 32. h4 f5 33. exf5 gxf5 34. Kf2 Kf6 35. Ke2 Nb1 36. Re3 1-0

[Event "December 19 Late 2023"]
[Site "https://www.chess.com"]
[Date "2023.12.19"]
[Round "8"]
[White "Kubatko, Ivan"]
[Black "Lutz, Igor Oscar"]
[Result "1-0"]
[Board "110"]
[TimeControl "180+1"]
[WhiteFideId "24111473"]
[BlackFideId "2110806"]
[WhiteElo "2285"]
[BlackElo "2105"]
[WhiteTeam "RUS"]
[BlackTeam "BRA"]
[WhiteClock "0:00:04"]
[BlackClock "0:00:00"]

1. e4 c5 2. Nc3 Nc6 3. f4 d6 4. Nf3 g6 5. Bc4 Bg7 6. d3 e6 7. f5 exf5 8. O-O Nge7 9. Qe1 O-O 10. Qh4 fxe4 11. Ng5 h6 12. Nxf7 Rxf7 13. Rxf7 d5 14. Rxg7+ Kxg7 15. Bxh6+ Kg8 16. Qf6 Nf5 17. Bxd5+ Kh7 18. Qxd8 Nxd8 19. Bg5 Ne6 20. Bxe6 Bxe6 21. Nxe4 b6 22. Re1 Bd5 23. Nc3 Bc6 24. g4 Nd4 25. Re7+ Kg8 26. Bf6 Nf3+ 27. Kf2 Rf8 28. Rg7+ Kh8 29. Rf7+ Kg8 30. Rxf8+ Kxf8 31. h3 Nd2 32. Ke3 Nf3 33. Ne4 Ng1 34. h4 Nh3 35. Be5 Bd7 36. Nf6 Be6 37. g5 Ng1 38. Kf2 Nh3+ 39. Kg3 Kf7 40. Ne4 Bf5 41. Nd6+ Ke6 42. Nxf5 Kxf5 43. Bb8 a6 44. Kxh3 b5 45. Kg3 b4 46. Ba7 1-0

[Event "December 19 Late 2023"]
[Site "https://www.chess.com"]
[Date "2023.12.19"]
[Round "8"]
[White "Navyblue1"]
[Black "Wu, Derek"]
[Result "0-1"]
[Board "111"]
[TimeControl "180+1"]
[BlackFideId "30914558"]
[WhiteElo "2145"]
[BlackElo "2211"]
[BlackTeam "USA"]
[WhiteClock "0:00:06"]
[BlackClock "0:00:55"]

1. d4 e6 2. c4 Nf6 3. Nc3 Bb4 4. Nf3 b6 5. Bd2 Bb7 6. g3 c5 7. dxc5 Bxc5 8. Bg2 O-O 9. O-O d5 10. cxd5 Nxd5 11. Rc1 Nd7 12. Nxd5 Bxd5 13. b4 Be7 14. a3 a5 15. Bc3 axb4 16. axb4 Nf6 17. Qd4 Rc8 18. Bb2 b5 19. Rxc8 Qxc8 20. Rc1 Qa8 21. Ra1 Qc8 22. Rc1 Qb8 23. Ne5 Bxg2 24. Kxg2 Qa8+ 25. f3 Rc8 26. Rxc8+ Qxc8 27. h4 h6 28. Qc3 Qxc3 29. Bxc3 Nd5 30. Nc6 Nxc3 31. Nxe7+ Kf8 32. Nc8 Nxe2 33. Nd6 Nc3 34. Kf2 Ke7 35. Nb7 Nd5 36. Na5 Nxb4 37. Ke3 Kd6 38. Kd4 Nc6+ 39. Kc3 Nxa5 40. Kb4 Nc6+ 41. Kxb5 Nd4+ 42. Kc4 Nxf3 43. Kd3 Ne5+ 44. Ke4 f5+ 45. Kf4 Ng6+ 46. Kf3 h5 47. Ke3 Ke5 48. Kf3 Ne7 49. Ke3 Nd5+ 50. Kf3 g6 0-1

[Event "December 19 Late 2023"]
[Site "https://www.chess.com"]
[Date "2023.12.19"]
[Round "8"]
[White "Aghasiyev, Kamal"]
[Black "Golubenko, Valentina"]
[Result "1-0"]
[Board "112"]
[TimeControl "180+1"]
[WhiteFideId "13402854"]
[BlackFideId "4501993"]
[WhiteElo "2196"]
[BlackElo "2126"]
[WhiteTeam "AZE"]
[BlackTeam "CRO"]
[WhiteClock "0:01:01"]
[BlackClock "0:00:05"]

1. d4 Nf6 2. c4 c5 3. d5 b5 4. Qc2 d6 5. e4 bxc4 6. Nf3 g6 7. Be2 Bg7 8. O-O O-O 9. Nc3 Nbd7 10. Nd2 Nb6 11. a4 a5 12. Nxc4 Nxc4 13. Bxc4 Ng4 14. Ra3 f5 15. exf5 Bxf5 16. Bd3 Bd4 17. Nd1 Bxd3 18. Rxd3 e5 19. dxe6 Ne5 20. Rg3 Qe7 21. Be3 Qxe6 22. Bxd4 cxd4 23. Qe4 Qc4 24. b3 Qc5 25. Nb2 Rae8 26. Nd3 Nxd3 27. Qxd3 Qd5 28. Rg4 Rf5 29. Rxd4 Qe5 30. Rxd6 Ref8 31. Qc4+ R8f7 32. Rd7 Rxf2 33. Rxf7 1-0

[Event "December 19 Late 2023"]
[Site "https://www.chess.com"]
[Date "2023.12.19"]
[Round "8"]
[White "Martynenko, Ivan"]
[Black "Soderstrom, Adrian"]
[Result "0-1"]
[Board "113"]
[TimeControl "180+1"]
[WhiteFideId "2053179"]
[BlackFideId "1745786"]
[WhiteElo "2264"]
[BlackElo "2154"]
[WhiteTeam "USA"]
[BlackTeam "SWE"]
[WhiteClock "0:00:06"]
[BlackClock "0:00:30"]

1. e4 e6 2. d4 d5 3. Nc3 dxe4 4. Nxe4 Be7 5. Nf3 Nf6 6. Nxf6+ Bxf6 7. c3 O-O 8. Be3 b6 9. Qc2 Bb7 10. O-O-O Nd7 11. Bd3 h6 12. Ne5 Bxe5 13. dxe5 Qe7 14. f4 Nc5 15. Bh7+ Kh8 16. b4 Na4 17. Bd3 Bc6 18. Qb3 b5 19. Rhg1 Bd5 20. Qc2 a5 21. Bxb5 axb4 22. Bxa4 Rfb8 23. c4 Bxc4 24. Rd7 b3 25. axb3 Qa3+ 26. Kd2 Bxb3 27. Bxb3 Rxb3 28. Rd3 Qb4+ 29. Ke2 Rb2 30. Qxb2 Qxb2+ 31. Kf3 Qb7+ 32. Kf2 Ra2+ 33. Rd2 Qd5 34. Rd1 c5 35. Kf1 Qc4+ 36. Kf2 Rc2 37. Rxc2 Qxc2+ 38. Rd2 Qe4 39. g3 c4 40. Rd4 Qc2+ 41. Kf3 c3 42. Rd8+ Kh7 43. Rc8 Qd1+ 44. Kf2 c2 45. Rc5 Qh1 46. h4 h5 47. Rc7 Kg6 48. Rc5 Kf5 49. Rc4 Kg4 50. Rc7 Qf3+ 0-1

[Event "December 19 Late 2023"]
[Site "https://www.chess.com"]
[Date "2023.12.19"]
[Round "8"]
[White "BenchGM"]
[Black "Kanter, Eduard"]
[Result "1-0"]
[Board "114"]
[TimeControl "180+1"]
[BlackFideId "4103963"]
[WhiteElo "2244"]
[BlackElo "2243"]
[BlackTeam "RUS"]
[WhiteClock "0:00:09"]
[BlackClock "0:00:15"]

1. e4 e5 2. Nf3 Nc6 3. d4 exd4 4. Nxd4 Nf6 5. Nxc6 bxc6 6. e5 Nd5 7. c4 Nb6 8. Be3 g6 9. Nc3 Bg7 10. f4 O-O 11. Qd2 d6 12. exd6 cxd6 13. O-O-O Be6 14. Qxd6 Qc8 15. c5 Nd5 16. Nxd5 Bxd5 17. Bd4 Rd8 18. Qe7 Qf5 19. Bxg7 Qxf4+ 20. Rd2 Kxg7 21. g3 Qxd2+ 22. Kxd2 Bxh1+ 23. Kc3 Re8 24. Qg5 Rad8 25. Bc4 Bd5 26. b3 Bxc4 27. bxc4 Re4 28. Qxd8 Re3+ 29. Kd2 Ra3 30. Qd4+ f6 31. Qd7+ Kh6 32. Qxc6 Rxa2+ 33. Kc3 Rxh2 34. Qxf6 Rh3 35. Qf4+ g5 36. Qf6+ Kh5 37. c6 Rxg3+ 38. Kb4 a5+ 39. Kxa5 g4 40. c7 Ra3+ 41. Kb4 Ra8 42. Qf5+ Kh4 43. Qxh7+ Kg3 44. Qe4 Rc8 45. Qe5+ Kh3 46. Qh5+ Kg3 47. Qf7 Kg2 48. Qd7 Ra8 49. c8=Q Rxc8 50. Qxc8 g3 51. Qg4 1-0

[Event "December 19 Late 2023"]
[Site "https://www.chess.com"]
[Date "2023.12.19"]
[Round "8"]
[White "Gasparyan, David"]
[Black "Palmer, Reegan"]
[Result "1-0"]
[Board "115"]
[TimeControl "180+1"]
[WhiteFideId "13311980"]
[BlackFideId "14322145"]
[WhiteElo "2440"]
[BlackElo "1814"]
[WhiteTeam "USA"]
[BlackTeam "RSA"]
[WhiteClock "0:00:39"]
[BlackClock "0:00:14"]

1. e4 e6 2. Nf3 d5 3. exd5 Qxd5 4. Nc3 Qd6 5. d4 a6 6. g3 Nf6 7. Bg2 Nc6 8. O-O Be7 9. Bf4 Qd8 10. Ne5 Nxe5 11. dxe5 Nd7 12. Re1 O-O 13. Qd2 c5 14. a4 Qc7 15. Rad1 Rb8 16. Qe2 Rd8 17. Ne4 b5 18. axb5 axb5 19. Nd6 Ba6 20. Qh5 g6 21. Qh6 Bf8 22. Qh4 Bg7 23. Qe7 Rf8 24. Bh3 Qc6 25. Bg2 Qc7 26. Ne4 Rbd8 27. Nf6+ Bxf6 28. exf6 Qa7 29. Rxe6 b4 30. Red6 Bb5 31. Bd5 Rde8 32. Bxf7+ Kh8 33. Bxe8 1-0

[Event "December 19 Late 2023"]
[Site "https://www.chess.com"]
[Date "2023.12.19"]
[Round "8"]
[White "Serra Canals, Oriol"]
[Black "Melamed, Daniel"]
[Result "0-1"]
[Board "116"]
[TimeControl "180+1"]
[WhiteFideId "22276084"]
[BlackFideId "3229076"]
[WhiteElo "2108"]
[BlackElo "1908"]
[WhiteTeam "ESP"]
[BlackTeam "AUS"]
[WhiteClock "0:01:21"]
[BlackClock "0:00:58"]

1. d4 Nf6 2. c4 e6 3. Nc3 Bb4 4. Nf3 d5 5. Bg5 Nbd7 6. Rc1 c5 7. cxd5 exd5 8. e3 Qa5 9. dxc5 Ne4 10. Qxd5 Nxc3 11. bxc3 Bxc3+ 12. Nd2 O-O 13. Bc4 Nxc5 14. Be7 Bxd2+ 15. Qxd2 Qxd2+ 16. Kxd2 Ne4+ 17. Ke2 Re8 18. Ba3 Be6 19. Bxe6 Rxe6 20. Rc7 Ra6 21. Bb4 Rxa2+ 22. Kf3 Re8 23. Rxb7 Rxf2+ 24. Kg4 Rxg2+ 25. Kh3 Re2 26. Rf1 Rxe3+ 27. Kg2 Re2+ 28. Kf3 Nf6 29. Rxa7 R8e3+ 30. Kf4 Nd5+ 31. Kg4 Nxb4 32. Rfxf7 Rg2+ 33. Kh4 Re8 34. Kh3 Rg1 35. Rfd7 Nc6 36. Kh4 Nxa7 37. Rxa7 h6 38. Kh5 Kh7 39. h4 Re5# 0-1

[Event "December 19 Late 2023"]
[Site "https://www.chess.com"]
[Date "2023.12.19"]
[Round "8"]
[White "Feliz Dotel, Dewar Bienvenido"]
[Black "Bogaudinov, Rushan"]
[Result "0-1"]
[Board "117"]
[TimeControl "180+1"]
[WhiteFideId "6402801"]
[BlackFideId "4129288"]
[WhiteElo "2069"]
[BlackElo "1937"]
[WhiteTeam "DOM"]
[BlackTeam "RUS"]
[WhiteClock "0:01:35"]
[BlackClock "0:02:33"]

1. Nf3 d5 2. c4 dxc4 3. g3 Nc6 4. Na3 e5 5. Nxc4 e4 6. Ng1 Nf6 7. Bg2 Bc5 8. d3 O-O 9. a3 Re8 10. dxe4 Bxf2+ 0-1

[Event "December 19 Late 2023"]
[Site "https://www.chess.com"]
[Date "2023.12.19"]
[Round "8"]
[White "Laskakis, Konstantinos"]
[Black "Quirke, Jeffrey"]
[Result "1-0"]
[Board "118"]
[TimeControl "180+1"]
[WhiteFideId "42134374"]
[BlackFideId "2013029"]
[WhiteElo "2368"]
[BlackElo "2160"]
[WhiteTeam "GRE"]
[BlackTeam "USA"]
[WhiteClock "0:00:25"]
[BlackClock "0:00:00"]

1. d4 e6 2. c4 b6 3. e4 Bb4+ 4. Bd2 Bxd2+ 5. Qxd2 d5 6. cxd5 exd5 7. e5 Ne7 8. Nc3 O-O 9. Bd3 c5 10. Nge2 Nbc6 11. O-O cxd4 12. Nb5 Nxe5 13. Nbxd4 Bb7 14. Ng3 Nxd3 15. Qxd3 Qd7 16. Rfe1 Rfe8 17. Rac1 g6 18. Re3 Nc6 19. Rf3 Ne5 20. Qa3 Nxf3+ 21. Qxf3 Rac8 22. Rd1 Qe7 23. Qg4 Ba6 24. h4 Rc4 25. b3 Bc8 26. Qf4 Rc3 27. Qd2 Rc7 28. Qf4 Rd7 29. h5 Bb7 30. h6 Rd6 31. Ngf5 gxf5 32. Nxf5 Qf6 33. Qg3+ Qg6 34. Nxd6 1-0